 Dungeon Crawl Stone Soup version 0.27-a0-660-g90476cec82 (webtiles) character file.

Game seed: 17868167203138154596

793 tilp the Insei (level 7, -3/48 HPs)
             Began as an Octopode Transmuter on Mar 16, 2021.
             Slain by an orc warrior
             ... wielding a +0 scimitar
              (16 damage)
             ... on level 6 of the Dungeon.
             The game lasted 00:14:15 (10644 turns).

tilp the Insei (Octopode Transmuter)               Turns: 10644, Time: 00:14:15

Health: -3/48      AC:  1    Str:  9    XL:     7   Next: 88%
Magic:  9/10       EV: 13    Int: 18    God:
Gold:   188        SH:  5    Dex: 12    Spells: 3/10 levels left

rFire    . . .     SeeInvis .     - Unarmed
rCold    . . .     Faith    .   a - +0 buckler
rNeg     . . .     Spirit   .   (helmet currently unavailable)
rPois    .         Reflect  .   (no amulet)
rElec    .         Harm     .   (no ring)
rCorr    .         Rampage  .   (no ring)
Will     .....                  (no ring)
Stlth    +++.......             (no ring)
HPRegen  0.16/turn              (no ring)
MPRegen  0.12/turn              (no ring)
                                (no ring)
                                (no ring)

@: appendages
A: tentacle spike 3, almost no armour, amphibious, 8 rings, camouflage 1,
gelatinous body 1, nimble swimmer 1, tentacles
a: End Transformation


You were on level 6 of the Dungeon.
One of your tentacles had grown a beastly spike.
You visited 1 branch of the dungeon, and saw 6 of its levels.

You collected 188 gold pieces.

Inventory:

Missiles
 e - 2 javelins (quivered)
 f - 8 boomerangs
Armour
 a - a +0 buckler (worn)
Magical Staves
 b - a staff of poison
Wands
 k - a wand of digging (1)
Scrolls
 c - a scroll of teleportation
Potions
 d - a potion of brilliance {unknown}
 g - 2 potions of flight
 h - a potion of haste {unknown}
 i - a potion of cancellation {unknown}
 j - a potion of curing
 l - a potion of resistance {unknown}


   Skills:
 - Level 4.0 Fighting
 - Level 2.0 Dodging
 - Level 4.0 Stealth
 - Level 4.0 Shields
 - Level 6.0 Unarmed Combat
 + Level 2.1 Spellcasting
 + Level 2.1 Transmutations
 + Level 0.7 Poison Magic


You had 3 spell levels left.
You knew the following spells:

 Your Spells              Type           Power      Damage    Failure   Level
a - Beastly Appendage     Tmut           18%        N/A       8%          1
b - Wereblood             Tmut           9%         N/A       11%         2
c - Spider Form           Tmut/Pois      3%         N/A       30%         3
d - Sting                 Tmut/Pois      28%        1d4       10%         1

Your spell library contained the following spells:

 Spells                   Type           Power      Damage    Failure   Level
 Foxfire                  Conj/Fire      4%         2x1d4     19%         1
 Ice Form                 Ice/Tmut       5%         N/A       75%         4
 Blade Hands              Tmut           4%         N/A       90%         5


Dungeon Overview and Level Annotations

Branches:
Dungeon (6/15)
 Temple: D:4-7

Altars:
Cheibriados
Makhleb
Nemelex Xobeh
Ru
Sif Muna
Trog
Uskayaw
Vehumet
Xom

Shops:
D:4 *

Annotations:
D:4 exclusions: ball python and ogre
D:6 exclusion: ogre, Duvessa, Menkaure, Sigmund


Innate Abilities, Weirdness & Mutations

One of your tentacles has grown a beastly spike.
You cannot wear most types of armour.
You are amphibious.
You can wear up to eight rings at the same time.
Your skin changes colour to match your surroundings (Stealth+).
Your rubbery body absorbs attacks. (AC +1, EV +1)
You are stealthy while swimming. (Stealth+)
You have tentacles for arms and can constrict up to eight enemies at once.


Message History

Aim: an orc warrior, wielding a +0 scimitar, wearing a +0 plate armour and quivering boomerangs (wandering, hasn't noticed you, 59% to hit)
You throw a javelin.
The javelin pierces through the orc warrior but does no damage.
The orc warrior throws a boomerang.
The boomerang hits you!
Throw: 6 javelins
Press: ? - help, Q - select action, (/) - cycle Shift-Dir - straight line, f/p - orc warrior
Aim: an orc warrior, wielding a +0 scimitar, wearing a +0 plate armour and quivering boomerangs (59% to hit)
You throw a javelin.
The javelin closely misses the orc warrior.
Throw: 5 javelins
Press: ? - help, Q - select action, (/) - cycle Shift-Dir - straight line, f/p - orc warrior
Aim: an orc warrior, wielding a +0 scimitar, wearing a +0 plate armour and quivering boomerangs (59% to hit)
You throw a javelin.
The javelin closely misses the orc warrior.
Throw: 4 javelins
Press: ? - help, Q - select action, (/) - cycle Shift-Dir - straight line, f/p - orc warrior
Aim: an orc warrior, wielding a +0 scimitar, wearing a +0 plate armour and quivering boomerangs (59% to hit)
You throw a javelin.
The javelin barely misses the orc warrior.
The orc warrior throws a boomerang.
The boomerang closely misses you.
Casting: Beastly Appendage (safe; 8% risk of failure)
Confirm with . or Enter, or press ? or * to list all spells.
One of your tentacles grows a vicious spike.
Throw: 3 javelins
Press: ? - help, Q - select action, (/) - cycle Shift-Dir - straight line, f/p - orc warrior
Aim: an orc warrior, wielding a +0 scimitar, wearing a +0 plate armour and quivering boomerangs (59% to hit)
You throw a javelin.
The javelin completely misses the orc warrior.
You completely miss the orc warrior. You grab the orc warrior.
You squeeze the orc warrior.
The orc warrior is moderately wounded.
You constrict the orc warrior, but do no damage.
The orc warrior hits you with a +0 scimitar!!
* * * LOW HITPOINT WARNING * * *
You tentacle-slap the orc warrior but do no damage.
You pierce the orc warrior, but do no damage.
The orc warrior is moderately wounded.
You constrict the orc warrior, but do no damage.
The orc warrior hits you with a +0 scimitar!
You die...

#.................#..
#..o((...........##.
##...o.......#......
#.........####.[....
#.........##..≈≈.≈≈.
#....###......≈#.#≈.
##....##...#...+_...
#..o.########.≈#+#≈#
#..@## #.≈≈. ≈# #...#
#....# # ##### ######


You could see an orc warrior, an orc wizard and an orc (wandering).

Vanquished Creatures
  An ogre (D:6)
  A phantom (D:5)
  A centaur (D:5)
  A scorpion (D:5)
  A crimson imp (D:3)
  An orc priest (D:3)
  6 worker ants
  Terence (D:2)
  An orc wizard (D:4)
  A hound zombie (D:6)
  6 gnolls
  6 adders
  2 oozes
  An ufetubus (D:4)
  4 worms
  A dart slug (D:2)
  5 leopard geckos
  20 orcs
  A ball python (D:1)
  4 bats
  5 giant cockroaches
  3 goblins
  4 hobgoblins
  3 jackals (D:3)
  7 kobolds
  2 quokkas
  3 frilled lizards
  A leopard gecko skeleton (D:3)
  A quokka skeleton (D:6)
  4 rats
98 creatures vanquished.

Notes
Turn   | Place    | Note
-------+----------+-------------------------------------------
     0 | D:1      | tilp the Octopode Transmuter began the quest for the Orb.
     0 | D:1      | Reached XP level 1. HP: 13/13 MP: 3/3
    58 | D:1      | Reached skill level 1 in Stealth
   281 | D:1      | Found a sparkling altar of Nemelex Xobeh.
   307 | D:1      | Reached XP level 2. HP: 15/18 MP: 3/5
   310 | D:1      | Learned a level 2 spell: Wereblood
   441 | D:1      | Reached skill level 1 in Shields
   977 | D:1      | Reached XP level 3. HP: 20/23 MP: 4/6
   981 | D:1      | Learned a level 3 spell: Spider Form
  1695 | D:2      | Noticed Terence
  2414 | D:3      | Reached XP level 4. HP: 18/28 MP: 7/7
  2663 | D:3      | Found a sacrificial altar of Ru.
  3195 | D:3      | Reached XP level 5. HP: 34/35 MP: 5/8
  3229 | D:3      | Found a burning altar of Makhleb.
  3231 | D:3      | Found a shimmering altar of Xom.
  3783 | D:3      | Found a snail-covered altar of Cheibriados.
  3812 | D:3      | Found a bloodstained altar of Trog.
  4455 | D:4      | Noticed an ogre
  4929 | D:4      | Reached XP level 6. HP: 28/43 MP: 6/9
  5397 | D:4      | Reached skill level 4 in Unarmed Combat
  5532 | D:4      | Found Hiass's Assorted Antiques.
  6732 | D:2      | Killed Terence
  7118 | D:5      | Entered Level 5 of the Dungeon
  7574 | D:5      | Reached skill level 5 in Unarmed Combat
  7574 | D:5      | Reached XP level 7. HP: 48/48 MP: 10/10
  7669 | D:5      | Found a hide-covered altar of Uskayaw.
  8124 | D:5      | Found a shimmering blue altar of Sif Muna.
  8132 | D:5      | Got Sif Muna's Guide on Fire
  8134 | D:5      | Got Sif Muna's Catalogue of Intoxication
  8137 | D:5      | Got Sif Muna's Disquisition on Venom
  8140 | D:5      | Learned a level 1 spell: Sting
  8755 | D:6      | Noticed Sigmund
  8813 | D:6      | Noticed Menkaure
  8845 | D:5      | Reached skill level 6 in Unarmed Combat
 10099 | D:6      | Noticed Duvessa
 10395 | D:6      | Found a radiant altar of Vehumet.
 10644 | D:6      | Slain by an orc warrior

Illustrated notes

Levels and vault maps discovered:
D:1:      nagdon_arrival_zigzag_paths, layout_loops_ring, minivault_14,
          nemelex_xobeh_ov_fountains_minmay
D:2:      layout_rooms, uniq_terence
D:3:      layout_basic, grunt_temple_overflow_champion_of_chaos,
          lightli_temple_of_fire, nicolae_ru_sacrificial_ziggurat,
          nicolae_overflow_hidden_temple
D:4:      layout_basic, serial_shops, shop_statue,
          hangedman_abyss_or_decor_passed
D:5:      layout_basic, nicolae_sif_muna_little_library,
          overflow_temple_1_default
D:6:      layout_cave_pools, lemuel_coloured_pillars_altar,
          kennysheep_mini_moat, uniq_duvessa, uniq_sigmund, uniq_menkaure

Skill      XL: |  1  2  3  4  5  6  7 |
---------------+----------------------+-----
Stealth        | 2 3 4 |  4.0
Shields        | 1 2 4 |  4.0
Fighting       | 2 4 |  4.0
Unarmed Combat | 5 6 |  6.0
Dodging        | |  2.0
Spellcasting   | |  2.1
Transmutations | |  2.1
Poison Magic   | |  0.7

Action                   |  1- 3 |  4- 6 |  7- 9 || total
-------------------------+-------+-------+-------++-------
Melee: Unarmed           |    72 |   168 |    77 ||   317
       Constrict         |    17 |    46 |    16 ||    79
       Tentacles         |     9 |    31 |    13 ||    53
       Kick              |    11 |    43 |    13 ||    67
       Punch             |     1 |     4 |     2 ||     7
Throw: Stone             |       |    11 |       ||    11
       Javelin           |       |     2 |     7 ||     9
 Cast: Beastly Appendage |    13 |    28 |    21 ||    62
       Wereblood         |     2 |     8 |     2 ||    12
Evoke: Wand              |       |       |     1 ||     1
  Use: Scroll            |     1 |     3 |     2 ||     6
       Potion            |       |     1 |     1 ||     2
 Stab: Sleeping          |     9 |     7 |     3 ||    19
Armor: Skin              |     4 |     7 |     1 ||    12
Dodge: Dodged            |    28 |    87 |    52 ||   167
Block: Buckler           |     5 |    23 |    15 ||    43

Table legend: (Time is in decaauts)
 A = Elapsed time spent in this place.
 B = Non-inter-level travel time spent in this place.
 C = Inter-level travel time spent in this place.
 D = Time resting spent in this place.
 E = Time spent auto-exploring this place.
 F = Levels seen in this place.
 G = Mean time per level.
                   A        B        C        D        E       F      G
               +--------+--------+--------+--------+--------+-----+--------+
         Total |  10652 |   9755 |    897 |   4109 |   4574 |   6 | 1775.3 |
       Dungeon |  10652 |   9755 |    897 |   4109 |   4574 |   6 | 1775.3 |
               +--------+--------+--------+--------+--------+-----+--------+

Top non-repeatable levels by time:
     D:5: 2858 daAuts
     D:3: 2609 daAuts
     D:4: 1973 daAuts
     D:1: 1553 daAuts
     D:2: 983 daAuts
     D:6: 673 daAuts
